 Dungeon Crawl Stone Soup version 0.21-a0-1-gaf3b9a5 (webtiles) character file.

436 raph the Chopper (level 7, -17/91 HPs)
             Began as a Hill Orc Monk on May 20, 2017.
             Killed from afar by a killer bee (21 damage)
             ... with an exploding inner flame
             ... hexed by the player character
             ... on level 4 of the Dungeon.
             The game lasted 00:08:15 (3376 turns).

raph the Chopper (Hill Orc Monk)                    Turns: 3376, Time: 00:08:16

Health: -17/91     AC: 23    Str: 14    XL:     7   Next: 1%
Magic:  7/7        EV:  2    Int: 10    God:
Gold:   121        SH:  0    Dex: 15    Spells: 6/6 levels left

rFire    . . .     SeeInvis .   l - +1 hand axe (freeze)
rCold    + . .     Gourm    .   (no shield)
rNeg     + + +     Faith    .   (armour currently unavailable)
rPois    +         Spirit   .   (helmet currently unavailable)
rElec    .         Reflect  .   (cloak currently unavailable)
rCorr    .         Harm     .   (gloves currently unavailable)
MR       .....     NoTele   +   (boots currently unavailable)
Stlth    ++........             (no amulet)
Regen    0.3/turn               h - ring of ice
MPRegen  0.1/turn               x - ring of protection from fire

@: lethally poisoned (-17 -> -21), tree-form
A: no striking features
a: no special abilities


You were on level 4 of the Dungeon.
You were not hungry.
You were a tree.
You visited 1 branch of the dungeon, and saw 4 of its levels.

You collected 121 gold pieces.

Inventory:

Hand Weapons
 a - a +0 hand axe
 l - a +1 hand axe of freezing (weapon)
Missiles
 y - 3 tomahawks (quivered)
Armour
 b - a +0 robe
 e - a +0 leather armour (melded)
 j - a +0 helmet (melded)
Jewellery
 h - a ring of ice (left branch)
 x - a ring of protection from fire (right branch)
Wands
 i - a wand of flame (20/48)
Scrolls
 d - a scroll of teleportation
 f - a scroll of immolation
 g - a scroll of remove curse
 m - 3 scrolls of amnesia {unknown}
 n - 2 scrolls of identify {unknown}
 o - a scroll of magic mapping {unknown}
 w - a scroll of blinking {unknown}
Potions
 p - a potion of invisibility {unknown}
 q - a potion of magic {unknown}
 s - a potion of cancellation {unknown}
 u - a potion of curing {unknown}
 v - a potion of mutation {unknown}
Comestibles
 c - 2 bread rations
 k - 2 royal jellies
 r - a meat ration
 t - 6 chunks of flesh


   Skills:
 + Level 5.2 Fighting
 * Level 7.0 Axes
 + Level 2.8 Armour
 + Level 3.6 Dodging
 - Level 1.5 Stealth


You had 6 spell levels left.
You didn't know any spells.

Dungeon Overview and Level Annotations

Branches:
Dungeon (4/15)
 Temple: D:4-7

Altars:
Ru

Annotations:
D:3 Gorglomux's ghost, amateur HaAr


Message History

* * * LOW HITPOINT WARNING * * *
The killer bee barely misses you.
The killer bee stings you but does no damage.
You hit the killer bee. You freeze the killer bee.
The killer bee explodes!
The fiery explosion engulfs the killer bee.
The killer bee explodes!
The fiery explosion engulfs the killer bee.
The killer bee explodes!
The fiery explosion engulfs the killer bee.
The killer bee explodes!
The fiery explosion engulfs you!
* * * LOW HITPOINT WARNING * * *
The fiery explosion engulfs the killer bee.
The killer bee explodes!
The fiery explosion engulfs you!
Your Axes skill increases to level 7!
You have reached level 7!
The fiery explosion engulfs you!
You die...

.## ##..## .# ##..##
########### ## ##..##
#.........####### #
##..###..%............##
##..##..............[..
##
##..#§§...............
.# ##§§§§§..............
.# ##§§§§..............
## ##♣.§.............. #
##§§.............. #
#................ #
#.................
#...#..............
#..###............. ...
##.........<.#
#############


There were no monsters in sight!

Vanquished Creatures
  An ice beast (D:3)
  3 killer bees (D:4)
  Natasha (thrice) (D:2)
  A worker ant (D:1)
  An adder (D:3)
  3 oozes
  2 worms
  A dart slug (D:1)
  3 leopard geckos
  2 orcs (D:3)
  8 giant cockroaches
  12 goblins
  6 hobgoblins
  2 quokkas (D:2)
  2 ball pythons (D:2)
  8 bats
  5 frilled lizards
  12 kobolds
  14 rats
89 creatures vanquished.

Notes
Turn   | Place    | Note
-------+----------+-------------------------------------------
     0 | D:1      | raph the Hill Orc Monk began the quest for the Orb.
     0 | D:1      | Reached XP level 1. HP: 19/19 MP: 1/1
    41 | D:1      | Reached XP level 2. HP: 21/27 MP: 2/2
   774 | D:1      | Reached XP level 3. HP: 24/33 MP: 3/3
  1398 | D:1      | Reached skill level 5 in Axes
  1398 | D:1      | Reached XP level 4. HP: 30/41 MP: 4/4
  1833 | D:2      | Found a faded altar of an unknown god.
  1889 | D:2      | Reached skill level 1 in Armour
  1925 | D:2      | Noticed Natasha
  1941 | D:2      | Killed Natasha
  1941 | D:2      | Reached XP level 5. HP: 21/47 MP: 5/5
  1996 | D:2      | Noticed Natasha
  2001 | D:2      | Killed Natasha
  2258 | D:2      | Noticed Natasha
  2304 | D:2      | Killed Natasha
  2481 | D:3      | Noticed an ice beast
  2505 | D:3      | Killed an ice beast
  2505 | D:3      | Reached skill level 5 in Fighting
  2505 | D:3      | Reached skill level 6 in Axes
  2505 | D:3      | Reached XP level 6. HP: 10/56 MP: 6/6
  2784 | D:3      | Found a sacrificial altar of Ru.
  2914 | D:3      | Noticed Gorglomux's ghost (amateur HaAr)
  3376 | D:4      | HP: 4/84 [killer bee/exploding inner flame[the player character] (11)]
  3376 | D:4      | Reached skill level 7 in Axes
  3376 | D:4      | Reached XP level 7. HP: 4/61 MP: 7/7
  3376 | D:4      | Killed from afar by a killer bee

Vault maps used:
D:1:      saegor_arrival_simple_a
D:2:      chequers_ecumenical_altar_simple, first_bread,
          small_statue_intersection, uniq_natasha
D:3:      nicolae_ru_sacrificial_ziggurat
D:4:      uniq_robin

Skill      XL: |  1  2  3  4  5  6 |
---------------+-------------------+-----
Fighting       | 4 5 |  5.2
Axes           | 5 6 7 |  7.0
Dodging        | 3 |  3.6
Armour         | 1 2 |  2.8
Stealth        | |  1.5

Action                   |  1- 3 |  4- 6 |  7- 9 || total
-------------------------+-------+-------+-------++-------
Melee: Hand axe          |   121 |   139 |       ||   260
  Use: Scroll            |       |     3 |       ||     3
       Potion            |       |     1 |       ||     1
  Eat: Chunk             |     2 |     6 |       ||     8
Armor: Robe              |     4 |       |       ||     4
       Leather armour    |    49 |    32 |       ||    81
       Skin              |       |    49 |       ||    49
Dodge: Dodged            |   109 |   103 |       ||   212
